 Dungeon Crawl Stone Soup version 0.23-a0-586-gacb4b3f (webtiles) character file.

17 Inarius the Skirmisher (level 2, 0/24 HPs)
             Began as a Demonspawn Chaos Knight on Dec 19, 2018.
             Was a Plaything of Xom.
             Slain by a kobold
             ... wielding a +0 whip
              (1 damage)
             ... on level 1 of the Dungeon.
             The game lasted 00:00:32 (334 turns).

Inarius the Skirmisher (Demonspawn Chaos Knight)     Turns: 334, Time: 00:00:33

Health: 0/24       AC:  5    Str: 12    XL:     2   Next: 44%
Magic:  11/11      EV: 11    Int: 13    God:    Xom [..*...]
Gold:   60         SH:  4    Dex: 12    Spells: 1/1 levels left

rFire    . . .     SeeInvis .   a - +0 hand axe (chaos)
rCold    . . .     Gourm    .   (no shield)
rNeg     . . .     Faith    .   b - +2 leather armour
rPois    .         Spirit   .   (no helmet)
rElec    .         Reflect  .   (no cloak)
rCorr    .         Harm     .   (no gloves)
MR       .....                  (no boots)
Stlth    +.........             (no amulet)
HPRegen  0.08/turn              g - ring of magical power
MPRegen  0.12/turn              (no ring)

@: no status effects
A: large bone plates 1
a: Renounce Religion


You were on level 1 of the Dungeon.
You worshipped Xom.
You were a toy of Xom.
You were not hungry.

You visited 1 branch of the dungeon, and saw 1 of its levels.

You collected 60 gold pieces.

Inventory:

Hand Weapons
 a - a +0 hand axe of chaos (weapon)
Armour
 b - a +2 leather armour (worn)
Jewellery
 g - a ring of magical power (left hand)
Scrolls
 d - a scroll of remove curse {unknown}
 e - a scroll of enchant armour {unknown}
 h - a scroll of teleportation {unknown}
Comestibles
 c - 2 rations
 f - 2 chunks of flesh


   Skills:
 * Level 3.4 Fighting
 + Level 3.0 Axes
 + Level 1.9 Armour
 + Level 0.8 Dodging


You had one spell level left.
You didn't know any spells.
Your spell library was empty.

Dungeon Overview and Level Annotations

Branches:
Dungeon (1/15)

Altars:


Innate Abilities, Weirdness & Mutations

You are partially covered in large bone plates. (SH +4)


Message History

No target in view!
No target in view!
No target in view!
No target in view!
No target in view!
You hit something. Something hits you but does no damage.
You miss something. Something hits you. x2
You miss something. Something hits you.
* * * LOW HITPOINT WARNING * * *
You miss something. Something hits you but does no damage.
You miss something. Something hits you but does no damage.
You completely miss something. You block something's attack.
You barely miss something. Something hits you.
* * * LOW HITPOINT WARNING * * *
You closely miss something. Something hits you.
* * * LOW HITPOINT WARNING * * *
You closely miss something. Something hits you but does no damage.
Something hits you.
You die... "Boring in life, boring in death..."

....
#.....#...##.#.###
#..
##...####.##...###
...##.#.##...#####...
#.#....#..........##
#.........##########
#.#.############# #
#...# ######.<..#
##..# #>≈≈≈'....+
#.{@# ######....# #
#.#)# #..♣.#....#♣♣♣
#+#.. ###.♣##''##...
.... #...........
..... #####......#
.......#.......####
.......#.##.#.###..
#####..##........+..
######.###..


There were no monsters in sight!

Vanquished Creatures
  2 bats (D:1)
  3 giant cockroaches (D:1)
  4 hobgoblins (D:1)
  2 goblins (D:1)
  2 kobolds (D:1)
  2 rats (D:1)
15 creatures vanquished.

Notes
Turn   | Place    | Note
-------+----------+-------------------------------------------
     0 | D:1      | Inarius the Demonspawn Chaos Knight began the quest for the
                  | Orb.
     0 | D:1      | Reached XP level 1. HP: 18/18 MP: 1/1
   204 | D:1      | Gained mutation: You are partially covered in large bone
                  | plates. (SH +4) [demonic ancestry]
   204 | D:1      | Reached XP level 2. HP: 24/24 MP: 2/2
   333 | D:1      | HP: 1/24 [something (2)]
   334 | D:1      | Slain by a kobold

Vault maps used:
D:1:      sevenhm_arrival_forest_fort_small_6, fountainhead

Skill      XL: |  1  2 |
---------------+-------+-----
Axes           | 3 |  3.0
Fighting       | |  3.4
Armour         | |  1.9
Dodging        | |  0.8

Action                   || total
-------------------------++-------
Melee: Hand axe          ||    56
Armor: Leather armour    ||    29
Dodge: Dodged            ||    25
Block: Other             ||     3

Table legend:
 A = Non-vault XP
 B = Vault XP
 C = Vault XP percentage of total XP
 D = Non-vault monster count
 E = Vault monster count
 F = Vault count percentage of total count
                 A         B        C        D         E       F
            +---------+---------+-------+---------+---------+-------
      Total |      25 |       0 |   0.0 |      15 |       0 |   0.0
            +---------+---------+-------+---------+---------+-------
        D:1 |      25 |       0 |   0.0 |      15 |       0 |   0.0
            +---------+---------+-------+---------+---------+-------
